 Dungeon Crawl Stone Soup version 0.31-a0-1321-g5021b54cb2 (webtiles) character file.

Game seed: 7618466720911769212

11 Jeffwins the Sneak (level 2, -1/16 HPs)
             Began as a Vine Stalker Delver on Dec 20, 2023.
             Slain by a mummy (8 damage)
             ... in an ossuary.
             The game lasted 00:00:41 (130 turns).

Jeffwins the Sneak (Vine Stalker Delver)             Turns: 130, Time: 00:00:41

Health: -1/16      AC:  3    Str: 14    XL:     2   Next: 29%
Magic:  0/3        EV: 11    Int: 10    God:
Gold:   0          SH:  0    Dex: 15    Spells: 1/1 levels left

rFire   . . .        a - +0 hand axe
rCold   . . .        (no shield)
rNeg    . . .        b - +0 leather armour
rPois   .            (no helmet)
rElec   .            (no cloak)
rCorr   .            (no gloves)
SInv    .            (no boots)
Will    .....        (no amulet)
Stlth   +++          (no ring)
HPRegen 1.02/turn    (no ring)
MPRegen 0.08/turn

%: guardian spirit
@: no status effects
A: fangs 2, regeneration 1, magic shield, antimagic bite, no potion heal 2
a: no special abilities


You were in an ossuary.
You visited 1 branch of the dungeon, and saw 2 of its levels.
You also visited: Ossuary.


Innate Abilities, Weirdness & Mutations

You have extremely sharp teeth.
Your natural rate of healing is unusually fast.
When hurt, damage is shared between your health and your magic reserves.
Your bite disrupts and absorbs the magic of your enemies.
Potions cannot restore your health.


   Skills:
 - Level 2.6 Fighting
 + Level 2.6 Axes
 - Level 1.5 Dodging
 - Level 6.0 Stealth


You had one spell level left.
You didn't know any spells.
Your spell library was empty.

Inventory:

Hand Weapons
 a - a +0 hand axe (weapon)
Armour
 b - a +0 leather armour (worn)
 h - a +2 pair of gloves
Wands
 g - a wand of digging (3)
Scrolls
 c - a scroll of fog
 d - a scroll of revelation
 e - a scroll of fear
Potions
 f - a potion of haste {@q3}

Dungeon Overview and Level Annotations

Branches:
Dungeon (5/15)            Ossuary (1/1)
 Temple: D:4-7

Altars:

Annotations:
D:4 Edmund

▒+▒ ▒▒.▒▒
▒...▒ +.M.+
▒.@.▒ ▒▒.▒▒
▒▒'▒ ▒▒+▒▒
▒▒..▒
▒...▒▒▒..▒▒
+...'...▒▒
▒...▒▒▒▒▒
▒▒.▒▒ ▒'▒


You could see a mummy.


Message History

The mummy is lightly damaged.
The mummy hits you.
You hit the mummy. You bite the mummy, but do no damage.
The mummy is heavily damaged.
You barely miss the mummy.
The mummy is heavily damaged.
The mummy closely misses you.
You hit the mummy but do no damage.
The mummy is heavily damaged.
The mummy hits you.
You hit the mummy but do no damage.
The mummy is heavily damaged.
You hit the mummy. You bite the mummy, but do no damage.
The mummy is heavily damaged.
The mummy hits you!
Ouch! That really hurt!
* * * LOW HITPOINT WARNING * * *
Unknown command.
You hit the mummy.
The mummy is severely damaged.
The mummy closely misses you.
Unknown command.
You hit the mummy.
The mummy is almost destroyed.
Unknown command.
You barely miss the mummy. You bite the mummy, but do no damage.
The mummy is almost destroyed.
The mummy hits you!
Ouch! That really hurt!
You die...

Skill      XL: |  1 |
---------------+----+-----
Axes           | 2 |  2.6
Fighting       | |  2.6
Dodging        | |  1.5
Stealth        | |  6.0

Action                     || total
---------------------------++-------
  Melee: Hand axe          ||    24
         Bite              ||     6
   Stab: Sleeping          ||     1
 Armour: Leather armour    ||    14
  Dodge: Dodged            ||    11

Levels and vault maps discovered:
D:4:      layout_loops_ring, gammafunk_ghost_arena,
          lightli_ossuary_entry_decrepit_ruins, serial_shops, shop,
          nicolae_shop_gaudy_bauble, shop, uniq_edmund
D:5:      layout_gridville
Ossuary:  ossuary_due_small_catacomb

Notes
Turn   | Place    | Note
-------+----------+-------------------------------------------
     0 | D:5      | Jeffwins the Vine Stalker Delver began the quest for the
                  | Orb.
     0 | D:5      | Reached XP level 1. HP: 11/11 MP: 2/2
    21 | D:5      | Noticed a gnoll sergeant
    31 | D:4      | Reached skill level 2 in Axes
    31 | D:4      | Reached XP level 2. HP: 14/16 MP: 1/3
    45 | D:4      | Found a sand-covered staircase.
    50 | D:4      | Noticed Edmund
    82 | Ossuary  | Entered an ossuary
   130 | Ossuary  | Slain by a mummy

Vanquished Creatures
  A gnoll (D:4)
  2 gnoll skeletons (Ossuary)
3 creatures vanquished.

Table legend: (Time is in decaauts)
 A = Elapsed time spent in this place.
 B = Non-inter-level travel time spent in this place.
 C = Inter-level travel time spent in this place.
 D = Time resting spent in this place.
 E = Time spent auto-exploring this place.
 F = Levels seen in this place.
 G = Mean time per level.
                   A        B        C        D        E       F      G
               +--------+--------+--------+--------+--------+-----+--------+
         Total |    133 |    131 |      2 |      0 |     34 |   3 |   44.3 |
       Dungeon |     82 |     80 |      2 |      0 |     16 |   2 |   41.0 |
       Ossuary |     50 |     50 |      0 |      0 |     18 |   1 |   50.0 |
               +--------+--------+--------+--------+--------+-----+--------+

Top non-repeatable levels by time:
     D:4: 56 daAuts
 Ossuary: 50 daAuts
     D:5: 26 daAuts

Table legend:
 A = Non-vault XP
 B = Vault XP
 C = Vault XP percentage of total XP
 D = Non-vault monster count
 E = Vault monster count
 F = Vault count percentage of total count
                 A         B        C        D         E       F
            +---------+---------+-------+---------+---------+-------
      Total |      15 |       2 |  11.8 |       1 |       2 |  66.7
            +---------+---------+-------+---------+---------+-------
        D:4 |      15 |       0 |   0.0 |       1 |       0 |   0.0
    Ossuary |       0 |       2 | 100.0 |       0 |       2 | 100.0
            +---------+---------+-------+---------+---------+-------
